 Dungeon Crawl Stone Soup version 0.28.0-53-g5a82cb258f (webtiles) character file.

Game seed: 1425880381449667147

64 Plasmagod the Covered (level 3, -1/34 HPs)
             Began as a Minotaur Fighter on July 24, 2022.
             Was a Believer of Dithmenos.
             Slain by an orc
             ... wielding a +0 flail
              (6 damage)
             ... on level 3 of the Dungeon.
             The game lasted 00:03:29 (1292 turns).

Plasmagod the Covered (Minotaur Fighter)            Turns: 1292, Time: 00:03:29

Health: -1/34      AC:  7    Str: 20    XL:     3   Next: 91%
Magic:  2/2        EV:  9    Int:  5    God:    Dithmenos [**....]
Gold:   123        SH:  4    Dex: 11    Spells: 2/2 levels left

rFire   . . .      SeeInvis .   e - +1 hand axe (vorpal)
rCold   . . .      Faith    .   c - +0 buckler
rNeg    . . .      Spirit   .   b - +0 scale mail
rPois   .          Reflect  .   (helmet restricted)
rElec   .          Harm     .   (no cloak)
rCorr   .          Rampage  .   (no gloves)
Will    .....                   (no boots)
Stlth   ..........              (no amulet)
HPRegen 0.11/turn               (no ring)
MPRegen 0.08/turn               (no ring)

@: lethally poisoned (-1 -> -19), wreathed by umbra
A: horns 2, retaliatory headbutt
a: Renounce Religion, Shadow Step


You were on level 3 of the Dungeon.
You worshipped Dithmenos.
Dithmenos was pleased with you.
You visited 1 branch of the dungeon, and saw 3 of its levels.

You collected 123 gold pieces.

Inventory:

Hand Weapons
 a - a +0 war axe
 e - a +1 vorpal hand axe (weapon)
 n - the +10 hunting sling "Jueqaxih" {flame, *Corrode rC+ rN+}
   (You found it on level 3 of the Dungeon)

   Any ammunition fired from it burns those it strikes, dealing additional fire
   damage.
   rC:        It protects you from cold.
   rN:        It protects you from negative energy.
   *Corrode:  It may corrode you when you take damage.
Armour
 b - a +0 scale mail (worn)
 c - a +0 buckler (worn)
Jewellery
 i - a ring of poison resistance
Scrolls
 f - a scroll of enchant armour {unknown}
 g - 2 scrolls of noise {unknown}
 h - 4 scrolls of identify {unknown}
 k - a scroll of vulnerability {unknown}
 l - a scroll of silence {unknown}
 m - a scroll of fear {unknown}
Potions
 d - a potion of might
 j - a potion of lignification {unknown}


   Skills:
 + Level 4.3 Fighting
 + Level 3.2 Axes
 + Level 4.3 Armour
 * Level 0.3 Dodging
 + Level 0.2 Stealth
 + Level 4.1 Shields


You had 2 spell levels left.
You didn't know any spells.
Your spell library was empty.

Dungeon Overview and Level Annotations

Branches:
Dungeon (3/15)

Altars:
Dithmenos


Innate Abilities, Weirdness & Mutations

You have a pair of horns on your head.
You reflexively headbutt those who attack you in melee.


Message History

You hit the frilled lizard.
You kill the frilled lizard!
Dithmenos accepts your kill.
No target in view!
You see here a dart slug corpse.
Found a dagger.
Found a stone staircase leading up.
You see here a +0 leather armour.
A goblin comes into view. It is wielding a +2 dagger of venom.
The goblin shouts!
You hear a shout!
An orc comes into view. It is wielding a +0 flail.
The goblin hits you with a +2 dagger of venom.
You are poisoned.
You barely miss the goblin.
You feel very sick.
The goblin hits you with a +2 dagger of venom.
You are more poisoned.
You barely miss the goblin. You headbutt the goblin.
The goblin is severely wounded.
You feel very sick. The goblin barely misses you.
You closely miss the goblin. Your headbutt misses the goblin.
The goblin is severely wounded.
You feel very sick. The goblin hits you but does no damage.
You are lethally poisoned!
The goblin hits you but does no damage.
You are more poisoned.
You miss the goblin. Your headbutt misses the goblin.
The goblin is severely wounded.
You hit the orc.
You feel extremely sick. The orc closely misses you.
The goblin barely misses you.
You hit the goblin.
You kill the goblin!
Dithmenos accepts your kill.
You closely miss the orc.
* * * LOW HITPOINT WARNING * * *
You feel very sick. The orc hits you with a +0 flail.
You die...

##...## ... ##.....## ..
#.......# .. #.......# ##.
#.......# ..## ##.....## #
#..# ##.....## #. #o)#
###.†.....#
###.###.@###.........#
#..........#.#.......#
#....................##
#..........#..........#
.........................#
.......##†..............#
#...##.##.)##...........#
###...##..................#
..
.............####..[.....##


You could see an orc.

Vanquished Creatures
  A dart slug (D:3)
  7 endoplasms
  5 giant cockroaches
  7 goblins
  9 hobgoblins
  A quokka (D:2)
  3 ball pythons
  5 bats (D:2)
  5 frilled lizards
  5 kobolds
  6 rats
54 creatures vanquished.

Notes
Turn   | Place    | Note
-------+----------+-------------------------------------------
     0 | D:1      | Plasmagod the Minotaur Fighter began the quest for the Orb.
     0 | D:1      | Reached XP level 1. HP: 19/19 MP: 0/0
    24 | D:1      | Found a faded altar of an unknown god.
    35 | D:1      | Prayed at the altar of an unknown god.
    35 | D:1      | Became a worshipper of Dithmenos the Shadowed
    35 | D:1      | Reached * piety under Dithmenos
    89 | D:1      | Reached XP level 2. HP: 21/27 MP: 1/1
   712 | D:2      | Reached XP level 3. HP: 30/33 MP: 2/2
   886 | D:2      | Reached ** piety under Dithmenos
  1133 | D:3      | Identified the +10 hunting sling "Jueqaxih" {flame,
                  | *Corrode rC+ rN+}
  1292 | D:3      | Slain by an orc

Illustrated notes

Levels and vault maps discovered:
D:1:      wander_arrival_estate, layout_loops_ring,
          hellmonk_ecumenical_altar_lost_god, minmay_split_cup_large
D:2:      layout_rooms
D:3:      layout_rooms, nicolae_overflow_ecumenical_swirl

Skill      XL: |  1  2  3 |
---------------+----------+-----
Fighting       | 4 |  4.3
Armour         | 4 |  4.3
Shields        | 4 |  4.1
Axes           | 3 |  3.2
Dodging        | |  0.3
Stealth        | |  0.2

Action                   || total
-------------------------++-------
Melee: War axe           ||    12
       Headbutt          ||    11
       Hand axe          ||    89
Armor: Scale mail        ||    35
Dodge: Dodged            ||    59
Block: Buckler           ||    22
